 Dungeon Crawl Stone Soup version 0.23-a0-183-gf37f6fb (webtiles) character file.

720 tsouns the Cutter (level 8, -5/51 HPs)
             Began as a Kobold Chaos Knight on Sept 22, 2018.
             Splashed by a jelly's acid (7 damage)
             ... on level 5 of the Dungeon.
             The game lasted 00:10:01 (4169 turns).

tsouns the Cutter (Kobold Chaos Knight)             Turns: 4169, Time: 00:10:03

Health: -5/51      AC: -7    Str: 11    XL:     8   Next: 2%
Magic:  8/8        EV: 14    Int: 16    God:    Xom [...*..]
Gold:   226        SH:  0    Dex: 12    Spells: 7/7 levels left

rFire    + . .     SeeInvis .   q - +2 short sword (speed)
rCold    . . .     Gourm    .   (shield restricted)
rNeg     . . .     Faith    .   w - +3 leather armour {MR+}
rPois    .         Spirit   .   (no helmet)
rElec    .         Reflect  .   (no cloak)
rCorr    .         Harm     .   i - +0 pair of gloves
MR       +....                  v - +0 pair of boots
Stlth    +++.......             (no amulet)
HPRegen  0.17/turn              k - ring of protection from fire
MPRegen  0.11/turn              (no ring)

@: corroded
A: small, carnivore, clever 1, clumsy 1, deterioration 1, evolution 1
a: Renounce Religion


You were on level 5 of the Dungeon.
You worshipped Xom.
You were a favourite toy of Xom.
You were completely stuffed.

You visited 1 branch of the dungeon, and saw 5 of its levels.

You collected 226 gold pieces.

Inventory:

Hand Weapons
 a - a +0 short sword of chaos
 e - a +1 dagger of venom
 q - a +2 short sword of speed (weapon)
Missiles
 j - 141 stones (quivered)
 m - 33 bolts
 p - 12 tomahawks
Armour
 i - a +0 pair of gloves (worn)
 v - a +0 pair of boots (worn)
 w - a +3 leather armour of magic resistance (worn)
Jewellery
 k - a ring of protection from fire (left hand)
Scrolls
 o - a scroll of remove curse
 t - a scroll of enchant weapon
 u - a scroll of fear
Potions
 d - a potion of berserk rage {unknown}
 f - a potion of ambrosia
 g - 2 potions of curing
 h - a potion of degeneration {unknown}
 n - 2 potions of agility {unknown}
 s - a potion of invisibility {unknown}
Comestibles
 c - 9 rations


   Skills:
 + Level 6.2 Fighting
 + Level 7.3 Short Blades
 - Level 0.7 Armour
 - Level 2.4 Dodging
 + Level 6.5 Stealth


You had 7 spell levels left.
You didn't know any spells.
Your spell library was empty.

Dungeon Overview and Level Annotations

Branches:
Dungeon (5/15)
 Temple: D:4-7

Altars:
Cheibriados
Gozag
Qazlal
Ru
Sif Muna

Annotations:
D:4 2 transporters


Innate Abilities, Weirdness & Mutations

You are small and have problems with some larger weapons.
You are carnivorous and can eat meat at any time.
Your mind is acute. (Int +2)
You are clumsy. (Dex -2)
Your body sometimes deteriorates upon taking damage.
You evolve.


Message History

The jelly misses you.
You hit the jelly but do no damage. The acid corrodes you!
Your hands burn!
The jelly is moderately wounded.
You hit the jelly but do no damage.
Your hands burn!
* * * LOW HITPOINT WARNING * * *
The jelly is moderately wounded.
The jelly hits you.
* * * LOW HITPOINT WARNING * * *
The acid corrodes you!
You are splashed with acid!
The acid burns!
* * * LOW HITPOINT WARNING * * *
All of the chunks of flesh in your inventory have rotted away.
Found 30 gold pieces and a falchion. "This might be better!"
You swap places with the iguana.
The iguana looks rather confused.
You are now a favourite toy of Xom.
The jelly hits you.
* * * LOW HITPOINT WARNING * * *
You are splashed with acid!
The acid burns!
You die...
Xom bursts into laughter!

#..?.......#
###.........#
#..S........####
#.#............##
##'##.......#..... ###
#...#.S...######.. #$g
#...#.......# #.. #.)W
##S..#.......# #.#
a$##.@..#l.........≈..
###J..##.........####
###....##..........
#.l...## #.......## .
+......## . #....### .
##### #


You could see an iguana (confused), a jelly and an adder.

Vanquished Creatures
  2 ogres (D:4)
  A phantom (D:5)
  A centaur (D:4)
  A howler monkey (D:5)
  An orc priest (D:4)
  A hound (D:5)
  A bullfrog skeleton (D:4)
  2 worker ants (D:4)
  An iguana (D:4)
  4 adders
  An ooze (D:3)
  An adder skeleton (D:4)
  4 worms
  2 dart slugs
  5 leopard geckos
  13 orcs
  4 giant cockroaches
  6 hobgoblins
  13 jackals
  15 kobolds
  A quokka (D:5)
  A ball python (D:1)
  8 bats
  4 frilled lizards
  9 goblins
  A leopard gecko skeleton (D:5)
  10 rats
113 creatures vanquished.

Notes
Turn   | Place    | Note
-------+----------+-------------------------------------------
     0 | D:1      | tsouns the Kobold Chaos Knight began the quest for the Orb.
     0 | D:1      | Reached XP level 1. HP: 14/14 MP: 1/1
   105 | D:1      | XOM: divination: detect creatures
   214 | D:1      | Reached skill level 1 in Stealth
   214 | D:1      | Reached XP level 2. HP: 16/19 MP: 2/2
   370 | D:1      | XOM: harmless Chrm miscast
   532 | D:1      | XOM: potion effect (agility)
   534 | D:1      | Reached XP level 3. HP: 14/24 MP: 3/3
   667 | D:2      | XOM: noise
   671 | D:2      | XOM: potion effect (brilliance)
   677 | D:2      | XOM: harmless Tloc miscast
   709 | D:2      | XOM: give mutations
   709 | D:2      | Gained mutation: You evolve. [Xom's mischief]
   709 | D:2      | Gained mutation: Your mind is acute. (Int +2) [Xom's
                  | mischief]
   774 | D:2      | Reached XP level 4. HP: 29/29 MP: 4/4
   930 | D:2      | Found an opulent altar of Gozag.
   942 | D:2      | Reached skill level 5 in Short Blades
   969 | D:2      | XOM: god gift: club {god gift}
  1108 | D:2      | Found a deep blue altar of Sif Muna.
  1457 | D:3      | Found a snail-covered altar of Cheibriados.
  1484 | D:3      | XOM is BORED!
  1484 | D:3      | XOM: medium Hex miscast
  1695 | D:3      | Reached XP level 5. HP: 30/33 MP: 5/5
  1833 | D:3      | XOM: stat loss: -1 Dex (13/14)
  2240 | D:3      | XOM: medium Fire miscast
  2286 | D:3      | XOM: summons 3 hostile shadow creatures
  2287 | D:3      | Noticed a wyvern
  2287 | D:3      | Noticed a phantom
  2352 | D:4      | Noticed a centaur
  2487 | D:3      | XOM: medium Necr miscast
  2760 | D:3      | XOM: mild Hex miscast
  2877 | D:4      | XOM: smoke on damage
  2881 | D:4      | Killed a centaur
  2881 | D:4      | Reached skill level 5 in Fighting
  2881 | D:4      | Reached skill level 6 in Short Blades
  2881 | D:4      | Reached XP level 6. HP: 17/40 MP: 6/6
  2960 | D:4      | XOM: harmless Pois miscast
  3247 | D:4      | XOM: mild Pois miscast
  3283 | D:4      | Found a transporter.
  3352 | D:4      | Found a transporter.
  3366 | D:4      | Reached skill level 5 in Stealth
  3433 | D:4      | Noticed an ogre
  3433 | D:4      | XOM: enchant monster (good)
  3444 | D:4      | XOM: 1-stop teleportation journey
  3453 | D:4      | Killed an ogre
  3453 | D:4      | Reached XP level 7. HP: 44/44 MP: 7/7
  3755 | D:5      | Entered Level 5 of the Dungeon
  3789 | D:5      | XOM is BORED!
  3789 | D:5      | XOM: summons 1 hostile demon
  3885 | D:5      | Reached skill level 7 in Short Blades
  3890 | D:5      | XOM: give mutations
  3890 | D:5      | Gained mutation: Your body sometimes deteriorates upon
                  | taking damage. [Xom's mischief]
  3890 | D:5      | Gained mutation: You are clumsy. (Dex -2) [Xom's mischief]
  3912 | D:5      | XOM: mild Hex miscast
  3961 | D:5      | XOM: harmless Hex miscast
  3988 | D:5      | Reached XP level 8. HP: 41/51 MP: 8/8
  4024 | D:5      | Found a stormy altar of Qazlal.
  4068 | D:5      | XOM: enchant monster (bad)
  4075 | D:5      | Found a sacrificial altar of Ru.
  4075 | D:5      | XOM: 4-stop teleportation journey
  4162 | D:5      | HP: 1/51 [acid (11)]
  4169 | D:5      | XOM: swap monsters
  4169 | D:5      | HP: 2/51 [jelly (1)]
  4169 | D:5      | Splashed by a jelly's acid

Vault maps used:
D:1:      saegor_arrival_simple_c
D:2:      lemuel_coloured_pillars_altar, nicolae_gozag_seed_capital
D:3:      kb_forest_paths, nicolae_overflow_crystal_walls
D:4:      gammafunk_steamed_eel, st_stairs_12
D:5:      nicolae_tso_carved_into_rock, hangedman_ru_absence, marbit_many_paths,
          first_ration, lightli_corner_chamber

Skill      XL: |  1  2  3  4  5  6  7 |
---------------+----------------------+-----
Stealth        | 1 2 3 4 5 6 |  6.5
Fighting       | 4 5 6 |  6.2
Short Blades   | 5 6 7 |  7.3
Armour         | |  0.7
Dodging        | |  2.4

Action                   |  1- 3 |  4- 6 |  7- 9 || total
-------------------------+-------+-------+-------++-------
Melee: Dagger            |   106 |   243 |    85 ||   434
       Short sword       |       |       |    32 ||    32
Throw: Stone             |       |     2 |     1 ||     3
  Use: Scroll            |     6 |     5 |     1 ||    12
       Potion            |       |       |     1 ||     1
 Stab: Sleeping          |     1 |     8 |     4 ||    13
  Eat: Chunk             |     8 |     8 |     3 ||    19
Armor: Leather armour    |    19 |    54 |    20 ||    93
Dodge: Dodged            |    57 |   152 |    57 ||   266

Table legend:
 A = Non-vault XP
 B = Vault XP
 C = Vault XP percentage of total XP
 D = Non-vault monster count
 E = Vault monster count
 F = Vault count percentage of total count
                 A         B        C        D         E       F
            +---------+---------+-------+---------+---------+-------
      Total |    1013 |      16 |   1.6 |     105 |       8 |   7.1
            +---------+---------+-------+---------+---------+-------
        D:1 |      34 |       0 |   0.0 |      20 |       0 |   0.0
        D:2 |      81 |       0 |   0.0 |      27 |       0 |   0.0
        D:3 |      67 |      10 |  13.0 |      28 |       6 |  17.6
        D:4 |     604 |       3 |   0.5 |      22 |       1 |   4.3
        D:5 |     227 |       3 |   1.3 |       8 |       1 |  11.1
            +---------+---------+-------+---------+---------+-------
